 Dungeon Crawl Stone Soup version 0.21-a0-210-gbfa5647 (webtiles) character file.

553 Lavandula the Chiller (level 7, 0/57 HPs)
             Began as a Ghoul Ice Elementalist on Aug 21, 2017.
             Slain by a gnoll
             ... wielding a +0 halberd
              (3 damage)
             ... in a bailey.
             The game lasted 00:16:57 (1605 turns).

Lavandula the Chiller (Ghoul Ice Elementalist)      Turns: 1605, Time: 00:16:57

Health: 0/57       AC: 10    Str: 12    XL:     7   Next: 29%
Magic:  10/10      EV: 12    Int: 12    God:
Gold:   201        SH:  0    Dex:  9    Spells: 0/12 levels left

rFire    . . .     SeeInvis .   q - +3 halberd (elec)
rCold    + . .     Gourm    .   (shield currently unavailable)
rNeg     + + +     Faith    .   a - +0 robe
rPois    ∞         Spirit   .   (no helmet)
rElec    .         Reflect  .   (no cloak)
rCorr    .         Harm     .   (no gloves)
MR       .....                  g - +2 pair of boots
Stlth    ++........             (no amulet)
HPRegen  0.00/turn              (no ring)
MPRegen  0.12/turn              (no ring)

@: icy armour, very slightly contaminated, rotting, slow
A: rotting body, claws 1, carnivore 3, cold resistance 1, negative energy
resistance 3, inhibited regeneration, torment resistance, unbreathing
a: no special abilities


You were in a bailey.
You were not hungry.

You visited 1 branch of the dungeon, and saw 7 of its levels.
You also visited: Bailey.

You collected 201 gold pieces.

Inventory:

Hand Weapons
 q - a +3 halberd of electrocution (weapon)
Missiles
 k - 7 javelins (quivered)
Armour
 a - a +0 robe (worn)
 g - a +2 pair of boots (worn)
Wands
 h - a wand of enslavement (0/24)
Scrolls
 e - 2 scrolls of teleportation
Potions
 d - a potion of curing
 j - a potion of flight
 m - a potion of heal wounds {unknown}
 n - a potion of magic {unknown}
 o - a potion of might
Books
 b - a book of Frost

   Spells                             Type                      Level
   a - Freeze                         Ice                          1
   b - Throw Frost                    Conjuration/Ice              2
   c - Ozocubu's Armour               Charms/Ice                   3
   d - Throw Icicle                   Conjuration/Ice              4
   e - Summon Ice Beast               Ice/Summoning                4
Comestibles
 c - 3 meat rations
 i - 9 chunks of flesh
 l - a royal jelly


   Skills:
 - Level 3.5 Fighting
 + Level 0.3 Polearms
 - Level 2.1 Dodging
 - Level 2.2 Stealth
 - Level 2.1 Unarmed Combat
 - Level 3.1 Spellcasting
 - Level 0.7 Conjurations
 - Level 1.9 Charms
 - Level 1.8 Summonings
 - Level 5.2 Ice Magic


You couldn't memorise any spells.
You knew the following spells:

 Your Spells              Type           Power        Failure   Level  Hunger
a - Freeze                Ice            ##..         2%          1    #......
b - Ozocubu's Armour      Chrm/Ice       ##......     17%         3    ###....
c - Summon Ice Beast      Ice/Summ       ##......     50%         4    #####..
d - Throw Icicle          Conj/Ice       #.......     56%         4    #####..


Dungeon Overview and Level Annotations

Branches:
Dungeon (7/15)
 Temple: D:4-7

Altars:
Elyvilon
Qazlal
Vehumet
Wu Jian


Innate Abilities, Weirdness & Mutations

Your body is rotting away.
You thrive on raw meat.
You are immune to poison.
You have sharp fingernails.
You are carnivorous and can eat meat at any time.
Your flesh is cold resistant. (rC+)
You are immune to negative energy. (rN+++)
You do not regenerate when monsters are visible.
You are immune to unholy pain and torment.
You can survive without breathing.


Message History

Press: ? - help, Dir - move target cursor, f/p - gnoll
Aim: a gnoll, wielding a halberd (severely wounded)
You reach to attack!
You closely miss the gnoll.
The gnoll is severely wounded.
The gnoll hits you from afar with a halberd.
* * * LOW HITPOINT WARNING * * *
Attack whom?
Press: ? - help, Dir - move target cursor, f/p - gnoll
Aim: a gnoll, wielding a halberd (severely wounded)
You reach to attack!
You barely miss the gnoll.
The gnoll is severely wounded.
The gnoll barely misses you.
Attack whom?
Press: ? - help, Dir - move target cursor, f/p - gnoll
Aim: a gnoll, wielding a halberd (severely wounded)
You reach to attack!
You barely miss the gnoll.
The gnoll is severely wounded.
The gnoll closely misses you.
The gnoll hits you from afar with a halberd.
You die...

...# ....# .⌠..'
.K..g #.. .g# ##)#
#g# #' #.# #K#g# #)#
### #### ### ##
#(###.# #.#@###.# #.#
##(##'##'###!##'##'#
##.....# ##g....#
###.....#####.....###
#.'..⌠..'.#.(..∩..'.#
###.....#####g..(.###
#....(## ##g..(.##
#'##'##)###'##'##'##
#.# #.###Kg)###.###∩#


You could see 2 gnolls, 2 hobgoblins and a kobold.

Vanquished Creatures
  A centaur (D:7)
  A bullfrog (D:7)
  A scorpion (D:6)
  2 jellies
  A centaur skeleton (D:7)
  An orc wizard (D:7)
  A worker ant (D:7)
  9 gnolls
  An adder (D:6)
  2 shadow imps (D:5)
  A dart slug (D:3)
  4 orcs
  2 bats
  A giant cockroach (D:3)
  3 goblins (D:7)
  2 hobgoblins (Bailey)
  A quokka (D:2)
  5 frilled lizards
  8 kobolds
  5 rats
52 creatures vanquished.

Vanquished Creatures (collateral kills)
  A phantom (D:7)
  2 gnolls (Bailey)
  A shadow imp (D:7)
  A goblin (D:7)
  3 hobgoblins (Bailey)
  3 kobolds (Bailey)
11 creatures vanquished.

Vanquished Creatures (others)
  An orc warrior (Bailey)
1 creature vanquished.

Grand Total: 64 creatures vanquished

Notes
Turn   | Place    | Note
-------+----------+-------------------------------------------
     0 | D:1      | Lavandula the Ghoul Ice Elementalist began the quest for the Orb.
     0 | D:1      | Reached XP level 1. HP: 14/14 MP: 2/2
   109 | D:2      | Found a radiant altar of Vehumet.
   132 | D:2      | Reached XP level 2. HP: 20/20 MP: 2/4
   309 | D:3      | Reached skill level 4 in Ice Magic
   338 | D:3      | Reached XP level 3. HP: 24/26 MP: 0/5
   348 | D:3      | Found a white marble altar of Elyvilon.
   350 | D:3      | Found an ornate altar of the Wu Jian Council.
   353 | D:3      | Found a stormy altar of Qazlal.
   417 | D:3      | Learned a level 3 spell: Ozocubu's Armour
   563 | D:5      | Entered Level 5 of the Dungeon
   626 | D:5      | Reached skill level 1 in Charms
   626 | D:5      | Reached XP level 4. HP: 33/33 MP: 0/6
   890 | D:6      | Reached XP level 5. HP: 19/38 MP: 0/7
   971 | D:6      | Learned a level 4 spell: Summon Ice Beast
  1113 | D:7      | Reached skill level 5 in Ice Magic
  1113 | D:7      | Reached XP level 6. HP: 24/45 MP: 0/9
  1216 | D:7      | Found a flagged portal.
  1220 | D:7      | Noticed a phantom
  1265 | D:7      | Killed a phantom
  1297 | Bailey   | Entered a bailey
  1364 | Bailey   | Reached XP level 7. HP: 55/57 MP: 5/10
  1374 | Bailey   | Learned a level 4 spell: Throw Icicle
  1562 | Bailey   | Reached skill level 1 in Summonings
  1605 | Bailey   | Slain by a gnoll

Vault maps used:
D:1:      dpeg_arrival_arbitrary_b, minmay_pentomino_x2
D:2:      fiery_altar_vehumet, doesnt_xom_only_xom, lemuel_round_altar,
          small_statue_intersection, dk_noncrumbling_3
D:3:      minmay_overflow_temple_star_quad, first_bread
D:6:      minmay_misc_feat_rows
D:7:      zin_treasury, overflow_temple_1_default,
          nicolae_ru_the_path_less_chosen, temple_pool_b, serial_shops,
          nicolae_shop_behind_doors, enter_bailey_3, uniq_joseph
Bailey:   bailey_axe_2, bailey

Skill      XL: |  1  2  3  4  5  6  7 |
---------------+----------------------+-----
Spellcasting   | 2 3 |  3.1
Ice Magic      | 4 5 |  5.2
Charms         | 1 |  1.9
Unarmed Combat | 2 |  2.1
Fighting       | 3 |  3.5
Dodging        | 2 |  2.1
Summonings     | 1 |  1.8
Polearms       | |  0.3
Stealth        | |  2.2
Conjurations   | |  0.7

Action                   |  1- 3 |  4- 6 |  7- 9 || total
-------------------------+-------+-------+-------++-------
Melee: Unarmed           |    10 |    70 |       ||    80
       Halberd           |       |       |    35 ||    35
 Cast: Freeze            |    33 |    41 |     1 ||    75
       Ozocubu's Armour  |       |     2 |     1 ||     3
       Summon Ice Beast  |       |       |     2 ||     2
Evoke: Wand              |       |     3 |     1 ||     4
  Use: Scroll            |     2 |     2 |       ||     4
       Potion            |       |     1 |     7 ||     8
 Stab: Sleeping          |     2 |     2 |       ||     4
  Eat: Chunk             |     6 |    17 |     3 ||    26
Armor: Robe              |     8 |    30 |    17 ||    55
Dodge: Dodged            |    20 |    59 |    42 ||   121

Table legend:
 A = Spawn XP
 B = Non-spawn XP
 C = Spawn XP percentage of total XP
 D = Spawn monster count
 E = Non-spawn monster count
 F = Spawn count percentage of total count
 G = Total turns spent on level
                    A         B        C        D         E        F      G
               +---------+---------+-------+---------+---------+-------+---------
         Total |       2 |     788 |   0.3 |       1 |      62 |   1.6 |  1605
               +---------+---------+-------+---------+---------+-------+---------
           D:1 |       0 |       4 |   0.0 |       0 |       3 |   0.0 |    65
           D:2 |       0 |       6 |   0.0 |       0 |       5 |   0.0 |    87
           D:3 |       2 |      27 |   6.9 |       1 |       7 |  12.5 |   275
           D:4 |       0 |       3 |   0.0 |       0 |       1 |   0.0 |   136
           D:5 |       0 |      67 |   0.0 |       0 |       5 |   0.0 |   296
           D:6 |       0 |     130 |   0.0 |       0 |       3 |   0.0 |   153
           D:7 |       0 |     353 |   0.0 |       0 |      13 |   0.0 |   285
        Bailey |       0 |     198 |   0.0 |       0 |      25 |   0.0 |   308
               +---------+---------+-------+---------+---------+-------+---------
